 Dungeon Crawl Stone Soup version 0.22.1-1-ga44c0e56f4 (webtiles) character file.

1590 jepeman the Covert (level 8, -10/39 HPs)
             Began as a Spriggan Enchanter on Sept 30, 2018.
             Was an Initiate of Dithmenos.
             Killed from afar by a raiju (22 damage)
             ... with an exploding inner flame
             ... hexed by the player character
             ... on level 2 of the Abyss.
             The game lasted 01:05:51 (8973 turns).

jepeman the Covert (Spriggan Enchanter)             Turns: 8973, Time: 01:05:52

Health: -10/39     AC:  9    Str:  4    XL:     8   Next: 61%
Magic:  18/18      EV: 21    Int: 19    God:    Dithmenos [......]
Gold:   415        SH:  0    Dex: 16    Spells: 12/22 levels left

rFire    . . .     SeeInvis +   a - +3 dagger (holy)
rCold    . . .     Gourm    .   (shield restricted)
rNeg     . . .     Faith    .   b - +0 robe
rPois    .         Spirit   .   (helmet restricted)
rElec    .         Reflect  .   k - +1 cloak
rCorr    .         Harm     .   (gloves unavailable)
MR       +....                  (boots unavailable)
Stlth    ++++......             (no amulet)
HPRegen  0.13/turn              n - +4 ring of protection
MPRegen  0.16/turn              f - +1 ring of slaying

@: very quick
A: very small, unfitting armour, see invisible, herbivore, speed 3, low mp 1,
robust 1, shaggy fur 1, slow metabolism 2, evolution 1
a: Renounce Religion


You were on level 2 of the Abyss.
You worshipped Dithmenos.
Dithmenos was noncommittal.
You were full.

You visited 2 branches of the dungeon, and saw 8 of its levels.
You visited the Abyss 1 time.

You collected 415 gold pieces.

Inventory:

Hand Weapons
 a - a +3 dagger of holy wrath (weapon)
Missiles
 e - 159 stones (quivered)
Armour
 b - a +0 robe (worn)
 k - a +1 cloak (worn)
Jewellery
 f - a +1 ring of slaying (right hand)
 n - a +4 ring of protection (left hand)
 q - a +5 ring of dexterity {unknown}
Wands
 s - a wand of paralysis (14)
Scrolls
 h - a scroll of magic mapping
 m - a scroll of identify
 o - 2 scrolls of remove curse
Potions
 c - 3 potions of curing
 i - 2 potions of mutation
 l - 2 potions of might {unknown}
 p - a potion of invisibility {unknown}
 t - 2 potions of flight {unknown}
 u - a potion of haste {unknown}
 v - a potion of cancellation {unknown}
 w - 2 potions of heal wounds {unknown}
Comestibles
 d - 5 rations


   Skills:
 + Level 5.1 Short Blades
 + Level 5.7 Dodging
 + Level 8.7 Stealth
 + Level 7.8 Spellcasting
 + Level 6.8 Hexes


You had 12 spell levels left.
You knew the following spells:

 Your Spells              Type           Power        Failure   Level  Hunger
a - Corona                Hex            ####...      1%          1    None
b - Ensorcelled Hibernat  Hex/Ice        ###...       3%          2    None
c - Confuse               Hex            ####....     1%          3    #......
d - Apportation           Tloc           #.....       9%          1    None
e - Dazzling Spray        Conj/Hex       ###...       7%          3    #......

Your spell library contained the following spells:

 Spells                   Type           Power        Failure   Level  Hunger
 Confusing Touch          Hex            ####..       1%          1    None
 Slow                     Hex            ####....     1%          2    None
 Tukima's Dance           Hex            ####....     1%          3    #......
 Cause Fear               Hex            ####......   5%          4    ###....
 Inner Flame              Hex/Fire       ###.....     7%          3    #......
 Portal Projectile        Hex/Tloc       ###...       7%          3    #......
 Animate Skeleton         Necr           N/A          10%         1    None
 Summon Small Mammal      Summ           #...         10%         1    None
 Leda's Liquefaction      Hex/Erth       ###.......   22%         4    ###....


Dungeon Overview and Level Annotations

Branches:
Dungeon (7/15)             Temple (1/1) D:6

Altars:
Cheibriados
Dithmenos
Elyvilon
Gozag
Hepliaklqana
Kikubaaqudgha
Makhleb
Nemelex Xobeh
Qazlal
Ru
Trog
Uskayaw
Wu Jian
Xom
Yredelemnul
Zin
The Shining One

Annotations:
D:5 Sigmund
D:6 Garbasso's ghost, amateur GrFi


Innate Abilities, Weirdness & Mutations

You are very small and have problems with some larger weapons.
You are too small for most types of armour.
You have supernaturally acute eyesight. (SInv)
You are a herbivore.
You cover ground extremely quickly.
You need to consume almost no food.
Your magical capacity is low. (-10% MP)
You are robust. (+10% HP)
You are covered in fur. (AC +1)
You evolve.


Message History

As you read the scroll labeled HYVVUTS ATHRE, it crumbles to dust.
It is a scroll of amnesia.
Forget Corona, freeing 1 spell level for a total of 13?
Okay, then.
Casting: Ensorcelled Hibernation (safe; 3% risk of failure)
Confirm with . or Enter, or press ? or * to list all spells.
Okay, then.
Aiming: Paralyse
Press: ? - help, Shift-Dir - straight line, f - raiju, p - raiju
Aim: a raiju (inner flame, chance to defeat MR: 46%)
The raiju suddenly stops moving!
The raiju bursts into living lightning!
The living lightning hits the raiju.
The raiju completely resists.
The living lightning misses you. x2; The raiju blinks! x4
The helpless raiju fails to defend itself.
You spit the raiju like a pig!!!
The raiju explodes!
The fiery explosion engulfs you!
Ouch! That really hurt!
You die...

.# . #... .#. #
...# .... #.. .#
h#. ..# #. # #.
#.X. #.### ... #.
..#####..# #. .
##.....##.. ...
#h#....##. . # .
##§X..#.. . ##.#
#@##..#.....##.##
####.##... .# #.
##...........
#..#.# .... .# ##
..# # .# .##.
..#. . .... #.. #
.... . . . . ...


You could see a thrashing horror (inner flame) and a raiju (inner flame).

Vanquished Creatures
  3 yaks
  Duvessa (D:6)
  A phantom (D:6)
  A sky beast (D:5)
  A centaur (D:6)
  2 big kobolds (D:6)
  Blork the orc (D:6)
  Dowan (D:6)
  3 crimson imps
  A bullfrog zombie (D:6)
  A jelly (D:5)
  An orc priest (D:6)
  An orc wizard (D:6)
  A worker ant (D:3)
  A hound zombie (D:5)
  A worker ant zombie (D:5)
  7 gnolls
  8 adders
  An ooze (D:3)
  An adder skeleton (D:5)
  An adder zombie (D:6)
  3 worms
  2 dart slugs
  4 leopard geckos
  9 orcs
  11 bats
  5 giant cockroaches
  11 goblins
  9 hobgoblins
  2 jackals (D:3)
  11 kobolds
  2 quokkas (D:6)
  A ball python (D:5)
  7 frilled lizards
  A jackal skeleton (D:5)
  2 quokka skeletons
  12 rats
131 creatures vanquished.

Notes
Turn   | Place    | Note
-------+----------+-------------------------------------------
     0 | D:1      | jepeman the Spriggan Enchanter began the quest for the Orb.
     0 | D:1      | Reached XP level 1. HP: 9/9 MP: 5/5
   150 | D:1      | Reached XP level 2. HP: 13/13 MP: 7/7
   163 | D:1      | Learned a level 2 spell: Ensorcelled Hibernation
   709 | D:1      | Reached XP level 3. HP: 16/16 MP: 1/8
  1032 | D:1      | Learned a level 3 spell: Confuse
  1835 | D:2      | Learned a level 1 spell: Apportation
  1937 | D:2      | Reached skill level 5 in Stealth
  2128 | D:2      | Reached XP level 4. HP: 20/21 MP: 7/10
  2189 | D:2      | Found a hide-covered altar of Uskayaw.
  2313 | D:3      | Found a snail-covered altar of Cheibriados.
  2485 | D:3      | Found a shimmering altar of Xom.
  3055 | D:3      | Found a sacrificial altar of Ru.
  3130 | D:3      | Reached XP level 5. HP: 15/24 MP: 3/12
  3979 | D:3      | Found an opulent altar of Gozag.
  4099 | D:3      | Found a burning altar of Makhleb.
  4377 | D:5      | Entered Level 5 of the Dungeon
  4405 | D:5      | Reached skill level 5 in Spellcasting
  4409 | D:6      | Found a hazy altar of Hepliaklqana.
  4415 | D:6      | Noticed a centaur
  4524 | D:5      | Noticed Sigmund
  4529 | D:5      | Reached skill level 6 in Stealth
  5002 | D:2      | Reached XP level 6. HP: 26/28 MP: 11/14
  5219 | D:4      | Found an ancient bone altar of Kikubaaqudgha.
  6007 | D:5      | Reached skill level 5 in Hexes
  6315 | D:6      | Reached XP level 7. HP: 32/32 MP: 14/17
  6359 | D:6      | Noticed Duvessa
  6391 | D:6      | Killed Duvessa
  6391 | D:6      | Reached skill level 7 in Stealth
  6764 | D:6      | Noticed a yak
  6768 | D:6      | Noticed a yak
  6769 | D:6      | Noticed a yak
  6953 | D:6      | Noticed Dowan
  7162 | D:6      | Found a staircase to the Ecumenical Temple.
  7168 | Temple   | Entered the Ecumenical Temple
  7529 | Temple   | Became a worshipper of Dithmenos the Shadowed
  7551 | D:6      | Found a runed gate.
  7556 | D:6      | Found a runed gate.
  7556 | D:6      | Noticed Garbasso's ghost (amateur GrFi)
  7557 | D:6      | Noticed a kobold demonologist
  7560 | D:6      | Found a runed gate.
  7987 | D:6      | Killed a yak
  8058 | D:5      | Killed a yak
  8058 | D:5      | Reached XP level 8. HP: 36/36 MP: 14/19
  8062 | D:5      | Reached skill level 8 in Stealth
  8168 | D:6      | Learned a level 3 spell: Dazzling Spray
  8200 | D:6      | Reached skill level 5 in Dodging
  8218 | D:6      | Noticed Blork the orc
  8248 | D:6      | Killed Blork the orc
  8506 | D:6      | Reached skill level 5 in Short Blades
  8577 | D:6      | Killed Dowan
  8905 | D:6      | Cast into level 2 of the Abyss (big kobold)
  8905 | Abyss:2  | Found a corrupted altar of Lugonu.
  8919 | Abyss:2  | Noticed a rakshasa
  8932 | Abyss:2  | Noticed a raiju
  8932 | Abyss:2  | Noticed a raiju
  8955 | Abyss:2  | Noticed a thrashing horror
  8959 | Abyss:2  | Noticed a raiju
  8968 | Abyss:2  | Gained mutation: You are robust. (+10% HP) [potion of
                  | mutation]
  8968 | Abyss:2  | Gained mutation: Your magical capacity is low. (-10% MP)
                  | [potion of mutation]
  8968 | Abyss:2  | Gained mutation: You are covered in fur. (AC +1) [potion of
                  | mutation]
  8968 | Abyss:2  | Gained mutation: You evolve. [potion of mutation]
  8973 | Abyss:2  | Killed a raiju
  8973 | Abyss:2  | Killed from afar by a raiju

Skill      XL: |  1  2  3  4  5  6  7  8 |
---------------+-------------------------+-----
Spellcasting   | 3 4 5 6 7 |  7.8
Hexes          | 4 5 6 |  6.8
Stealth        | 5 6 7 8 |  8.7
Short Blades   | 2 3 4 5 |  5.1
Dodging        | 4 5 |  5.7

Action                   |  1- 3 |  4- 6 |  7- 9 || total
-------------------------+-------+-------+-------++-------
Melee: Dagger            |   115 |   213 |    46 ||   374
Throw: Stone             |    24 |    81 |    17 ||   122
 Cast: Corona            |     1 |     3 |       ||     4
       Ensorcelled Hiber |    20 |    69 |    42 ||   131
       Confuse           |     1 |     6 |    11 ||    18
Evoke: Wand              |       |       |     1 ||     1
  Use: Scroll            |       |       |     9 ||     9
       Potion            |       |       |     2 ||     2
 Stab: Sleeping          |    26 |    51 |    22 ||    99
       Confused          |       |     4 |     2 ||     6
       Distracted        |       |     1 |       ||     1
       Paralysed         |       |       |     1 ||     1
  Eat: Ration            |       |     3 |     4 ||     7
Armor: Robe              |    21 |    11 |     2 ||    34
Dodge: Dodged            |   123 |   151 |    35 ||   309
